 Dungeon Crawl Stone Soup version 0.28-a0-863-g8cecda6153 (webtiles) character file.

Game seed: 10364040500928424291

691556 octoduck the Pyromancer (level 27, -27/246 HPs)
             Began as a Grey Draconian Fire Elementalist on Nov 13, 2021.
             Was the Champion of Vehumet.
             Killed from afar by an orb of fire (68 damage)
             ... with a fireball
             ... on level 5 of the Realm of Zot on Nov 18, 2021.
             The game lasted 09:04:22 (117374 turns).

octoduck the Pyromancer (DrFE)                    Turns: 117374, Time: 09:04:24

Health: -27/246    AC: 29    Str: 19    XL:     27
Magic:  6/52       EV: 20    Int: 38    God:    Vehumet [******]
Gold:   6439       SH:  8    Dex: 14    Spells: 3/67 levels left

rFire   . . .      SeeInvis +   u - +3 rapier of Wondrous Power {freeze, Will+ Int+5}
rCold   + . .      Faith    .   R - +3 buckler {rN+}
rNeg    + . .      Spirit   .   (armour unavailable)
rPois   .          Reflect  .   v - +2 hat
rElec   .          Harm     .   W - +2 cloak {Will+}
rCorr   +          Rampage  .   e - +2 pair of gloves {archery}
Will    +++++                   f - +2 pair of boots
Stlth   ++........              t - amulet of the Townfolk {Fragile Will+++ Regen+ rCorr SInv}
HPRegen 1.51/turn               X - ring of Pilesm {rC+ rCorr Int+3 Dex+4}
MPRegen 0.33/turn               S - ring "Castojeu" {Fly Will+ Str+6 Int+4}

@: flying, contaminated, glowing, unable to read
A: AC +18, amphibious, unfitting armour, cold-blooded, clumsy 1, high mp 1,
inability to read while threatened, MP-powered wands
}: 4/15 runes: decaying, serpentine, slimy, silver
a: Renounce Religion


You were on level 5 of the Realm of Zot.
You worshipped Vehumet.
Vehumet was exalted by your worship.
You visited 12 branches of the dungeon, and saw 57 of its levels.
You also visited: Ossuary.

You collected 11991 gold pieces.
You spent 5552 gold pieces at shops.

Inventory:

Hand Weapons
 u - the +3 rapier of Wondrous Power (weapon) {freeze, Will+ Int+5}
   (You took it off a rakshasa on level 3 of the Depths)

   It freezes those it strikes, dealing additional cold damage.
   It can also slow down cold-blooded creatures.
   Int:       It affects your intelligence (+5).
   Will:      It increases your willpower.
Armour
 e - a +2 pair of gloves of archery (worn)
 f - a +2 pair of boots (worn)
 v - a +2 hat (worn)
 R - a +3 buckler of positive energy (worn)
 W - a +2 cloak of willpower (worn)
Jewellery
 l - the ring of Ubenef {rElec rN+ Dex+5}
   (You found it on level 3 of the Crypt)

   [ring of positive energy]

   Dex:       It affects your dexterity (+5).
   rElec:     It insulates you from electricity.
   rN:        It protects you from negative energy.
 t - the amulet of the Townfolk (around neck) {Fragile Will+++ Regen+ rCorr SInv}
   (You found it on level 3 of the Crypt)

   [amulet of regeneration]

   SInv:      It lets you see invisible.
   Regen:     It increases your rate of health regeneration.
   rCorr:     It protects you from acid and corrosion.
   Fragile:   It will be destroyed if unequipped.
   Will:      It greatly increases your willpower.
 z - the amulet "Opunyug" {rC+ Regen+}
   (You found it on level 5 of the Vaults)

   [amulet of regeneration]

   rC:        It protects you from cold.
   Regen:     It increases your rate of health regeneration.
 A - the ring "Valas" {rF+ Int+2}
   (You found it on level 2 of the Realm of Zot)

   [ring of protection from fire]

   Int:       It affects your intelligence (+2).
   rF:        It protects you from fire.
 S - the ring "Castojeu" (right hand) {Fly Will+ Str+6 Int+4}
   (You found it on level 4 of the Lair of Beasts)

   [ring of flight]

   Str:       It affects your strength (+6).
   Int:       It affects your intelligence (+4).
   Fly:       It grants you flight.
   Will:      It increases your willpower.
 U - the ring "Fimy" {Fire rPois Will+}
   (You took it off a deep elf elementalist on level 3 of the Elven Halls)

   [ring of fire]

   It enhances your fire magic.
   rF:        It protects you from fire.
   rC:        It makes you vulnerable to cold.
   rPois:     It protects you from poison.
   Will:      It increases your willpower.
 X - the ring of Pilesm (left hand) {rC+ rCorr Int+3 Dex+4}
   (You acquired it on level 5 of the Vaults)

   [ring of resist corrosion]

   Int:       It affects your intelligence (+3).
   Dex:       It affects your dexterity (+4).
   rC:        It protects you from cold.
   rCorr:     It protects you from acid and corrosion.
Wands
 i - a wand of charming (31)
 k - a wand of digging (11)
 m - a wand of flame (109)
 C - a wand of polymorph (45)
 L - a wand of acid (25)
 N - a wand of iceblast (84)
 P - a wand of mindburst (30)
 T - a wand of paralysis (27)
Scrolls
 d - 2 scrolls of holy word
 g - 2 scrolls of blinking
 j - 5 scrolls of enchant weapon
 n - 6 scrolls of fear
 o - 8 scrolls of magic mapping
 p - 3 scrolls of summoning
 s - 2 scrolls of brand weapon
 w - 13 scrolls of enchant armour
 E - 3 scrolls of silence
 F - 35 scrolls of identify
 J - 7 scrolls of fog
 M - 20 scrolls of teleportation
 Q - 9 scrolls of amnesia
Potions
 a - 2 potions of resistance
 b - 12 potions of might
 c - 2 potions of invisibility
 h - 24 potions of curing
 r - 7 potions of brilliance
 x - 5 potions of haste
 D - 11 potions of heal wounds
 H - 6 potions of berserk rage
 O - 2 potions of ambrosia
 V - 4 potions of cancellation
Miscellaneous
 q - a box of beasts
 B - a piece from Xom's chessboard (15/15)
 G - a phantom mirror
 I - a phial of floods
 K - a condenser vane
 Z - a lightning rod (1/4)


   Skills:
 - Level 19.8 Fighting
 + Level 16.6 Dodging
 - Level 6.2 Stealth
 - Level 4.3 Shields
 - Level 20.6 Spellcasting
 - Level 19.6 Conjurations
 * Level 17.8 Summonings
 * Level 16.9 Necromancy
 - Level 6.9 Translocations
 - Level 22.4 Fire Magic
 - Level 7.7 Earth Magic


You had 3 spell levels left.
You knew the following spells:

 Your Spells              Type           Power      Damage    Failure   Level
a - Haunt                 Necr/Summ      53%        N/A       1%          7
b - Iron Shot             Conj/Erth      48%        9d9       1%          6
c - Ignition              Fire           59%        3d16      1%          8
d - Sublimation of Blood  Necr           100%       N/A       0%          2
e - Fire Storm            Conj/Fire      57%        8d15      3%          9
f - Blink                 Tloc           100%       N/A       1%          2
g - Spellforged Servitor  Conj/Summ      55%        N/A       1%          7
h - Fireball              Conj/Fire      57%        3d22      0%          5
i - Death Channel         Necr           53%        N/A       1%          6
j - Borgnjor's Vile Clut  Necr/Erth      46%        N/A       1%          5
k - Orb of Destruction    Conj           56%        9d16      1%          7

Your spell library contained the following spells:

 Spells                   Type           Power      Damage    Failure   Level
 Lehudib's Crystal Spear  Conj/Erth      48%        10d12     4%          8
 Shatter                  Erth           39%        3d31*     99%         9
 Animate Skeleton         Necr           100%       N/A       0%          1
 Foxfire                  Conj/Fire      100%       2x1d9     0%          1
 Magic Dart               Conj           100%       1d8       0%          1
 Pain                     Necr           100%       1d9       0%          1
 Shock                    Conj/Air       100%       1d9       0%          1
 Call Imp                 Summ           100%       N/A       0%          2
 Scorch                   Fire           100%       2d10      0%          2
 Call Canine Familiar     Summ           100%       N/A       0%          3
 Conjure Flame            Conj/Fire      100%       6-21      0%          3
 Inner Flame              Hex/Fire       90%        N/A       0%          3
 Stone Arrow              Conj/Erth      100%       3d13      0%          3
 Vampiric Draining        Necr           100%       2d13      0%          3
 Apportation              Tloc           100%       N/A       1%          1
 Sandblast                Erth           100%       2d20      1%          1
 Slow                     Hex            100%       N/A       1%          1
 Corpse Rot               Necr/Air       100%       N/A       1%          2
 Ensorcelled Hibernation  Hex/Ice        78%        N/A       1%          2
 Passwall                 Tmut/Erth      51%        N/A       1%          2
 Wereblood                Tmut           39%        N/A       1%          2
 Confusing Touch          Hex            39%        N/A       1%          3
 Dazzling Flash           Conj/Hex       100%       N/A       1%          3
 Frozen Ramparts          Ice            78%        1d9       1%          3
 Gell's Gravitas          Tloc           75%        N/A       1%          3
 Ignite Poison            Fire/Tmut/Pois 77%        N/A       1%          3
 Lesser Beckoning         Tloc           75%        N/A       1%          3
 Mephitic Cloud           Conj/Pois/Air  73%        N/A       1%          3
 Portal Projectile        Hex/Tloc       100%       N/A       1%          3
 Teleport Other           Tloc           75%        N/A       1%          3
 Tukima's Dance           Hex            39%        N/A       1%          3
 Animate Dead             Necr           53%        N/A       0%          4
 Dispel Undead            Necr           100%       3d31      0%          4
 Flame Wave               Conj/Fire      100%       3d16      0%          4
 Sticky Flame             Conj/Fire      100%       2d11      0%          4
 Iskenderun's Battlesphe  Conj           100%       2d15      0%          5
 Starburst                Conj/Fire      57%        6d15      0%          6
 Airstrike                Air            19%        N/A       1%          4
 Fulminant Prism          Conj/Hex       42%        3d20      1%          4
 Hailstorm                Conj/Ice       85%        3d17      1%          4
 Iskenderun's Mystic Bla  Conj/Tloc      96%        2d19      1%          4
 Leda's Liquefaction      Hex/Erth       31%        N/A       1%          4
 Petrify                  Tmut/Erth      62%        N/A       1%          4
 Summon Ice Beast         Ice/Summ       82%        N/A       1%          4
 Agony                    Necr           100%       N/A       1%          5
 Excruciating Wounds      Necr           53%        N/A       1%          5
 Freezing Cloud           Conj/Ice/Air   36%        6-21      1%          5
 Irradiate                Conj/Tmut      42%        3d27      1%          5
 Manifold Assault         Tloc           75%        N/A       1%          5
 Summon Forest            Summ/Tloc      46%        N/A       1%          5
 Summon Mana Viper        Hex/Summ       82%        N/A       1%          5
 Conjure Ball Lightning   Conj/Air       42%        3x3d15    1%          6
 Summon Cactus Giant      Summ           54%        N/A       1%          6
 Summon Hydra             Summ           54%        N/A       1%          7
 Simulacrum               Ice/Necr       40%        N/A       3%          6
 Malign Gateway           Summ/Tloc      46%        N/A       3%          7
 Summon Horrible Things   Summ           54%        N/A       3%          8
 Borgnjor's Revivificati  Necr           53%        N/A       4%          8
 Infestation              Necr           53%        N/A       4%          8
 Yara's Violent Unravell  Hex/Tmut       19%        3d9       5%          5
 Dispersal                Tloc           37%        N/A       6%          6
 Cause Fear               Hex            19%        N/A       7%          4
 Ice Form                 Ice/Tmut       39%        N/A       7%          4
 Alistair's Intoxication  Tmut/Pois      26%        N/A       19%         5
 Blade Hands              Tmut           19%        N/A       19%         5
 Metabolic Englaciation   Hex/Ice        19%        N/A       19%         5
 Silence                  Hex/Air        19%        N/A       19%         5
 Statue Form              Tmut/Erth      41%        N/A       22%         6
 Eringya's Noxious Bog    Tmut/Pois      19%        N/A       26%         6
 Death's Door             Necr           53%        N/A       54%         9
 Necromutation            Tmut/Necr      40%        N/A       80%         8
 Disjunction              Tloc           37%        N/A       95%         8
 Chain Lightning          Conj/Air       42%        3d56      95%         9
 Dragon Form              Tmut           19%        N/A       99%         7
 Storm Form               Tmut/Air       19%        N/A       99%         7
 Discord                  Hex            19%        N/A       100%        8
 Polar Vortex             Ice            19%        N/A       100%        9
 Animate Armour           Summ/Erth      Unusable   N/A       N/A         4

Dungeon Overview and Level Annotations

Branches:
Dungeon (15/15)            Temple (1/1) D:4            Lair (6/6) D:9
  Swamp (4/4) Lair:2        Snake (4/4) Lair:3        Slime (5/5) Lair:5
    Orc (2/2) D:11            Elf (3/3) Orc:2        Vaults (5/5) D:13
  Crypt (3/3) Vaults:3       Tomb (0/3) Crypt:3      Depths (4/4) D:15
    Zot (5/5) Depths:4    Ossuary (visited)

Altars:
Dithmenos
Elyvilon
Gozag
Kikubaaqudgha
Makhleb
Nemelex Xobeh
Okawaru
Qazlal
Ru
Sif Muna
Trog
Uskayaw
Vehumet
Wu Jian
Xom
Yredelemnul
Zin
The Shining One

Shops:
D:6 [   D:8 !   D:13 [   Orc:2 [[*[   Elf:3 !::   Snake:1 :?(   Snake:4 *
Vaults:3 =   Vaults:5 *   Zot:5 *

Portals:
Hell: Depths:1 Depths:2 Depths:3 Depths:4
Abyss: Depths:2 Depths:3
Pandemonium: Depths:1 Depths:2
Ziggurat: Depths:3

Annotations:
D:3 1 runed translucent door, Crazy Yiuf
Lair:4 Rupert
Elf:2 3 runed translucent doors
Vaults:2 2 transporters
Crypt:2 1 runed translucent door, Jetyrhek's ghost, veteran GrEE
Zot:4 2 transporters, Dawneret's ghost, master GnFi; Ucsei's ghost, veteran MiFi


Innate Abilities, Weirdness & Mutations

Your dull iron-grey scales are very hard. (AC +18)
You are amphibious.
You cannot fit into any form of body armour.
You are cold-blooded and may be slowed by cold attacks.
You are clumsy. (Dex -2)
You have an increased reservoir of magic. (+10% MP)
You sometimes lose the ability to read scrolls when taking damage.
You expend magic power (3 MP) to strengthen your wands.


Message History

Aim: a curse toe (almost destroyed, covered in acid)
The thunderbolt hits the curse toe.
The curse toe resists.
The curse toe is almost destroyed.
Aiming: Thunderbolt
Press: ? - help, Shift-Dir - straight line, p - curse toe The thunderbolt hits the curse toe.
The curse toe resists.
The curse toe is almost destroyed.
The thunderbolt hits the moth of wrath!
The moth of wrath is almost dead.
The moth of wrath bites you but does no damage.
Your spellforged servitor conjures an orb of pure magic.
A Killer Klown comes into view. It is wielding a +9 club of flaming.
The curse toe gestures.
Send 'em back where they came from!
Your spellforged servitor disappears in a puff of smoke!
Aiming: Thunderbolt
Press: ? - help, Shift-Dir - straight line, f - curse toe
Aim: a curse toe (almost destroyed, covered in acid)
The thunderbolt hits the orb of fire.
The orb of fire completely resists.
The thunderbolt hits the curse toe.
The curse toe resists.
The curse toe is almost destroyed.
The thunderbolt hits the moth of wrath!
You kill the moth of wrath!
Vehumet accepts your kill.
You feel your power returning.
Unknown command.
Casting: Orb of Destruction (mildly dangerous; 1% risk of failure)
Confirm with . or Enter, or press ? or * to list all spells.
You don't have enough magic to cast this spell.
Okay, then.
You cannot read scrolls in your current state!
Okay, then.
The orb of destruction hits the curse toe!!!
The curse toe is blown up!
The orb of fire glows red.
The bolt of fire hits you!!!
* * * LOW HITPOINT WARNING * * *
The orb of fire emits a lurid red light.
The fireball explodes!
The fireball engulfs you!!!
You die...

####### #.#.####.........# #
#.#.###..........# #
#.#.......#.###### #
#.#########.# # #...........# #
**##############▓▓▓ ########
**......^.......## #.^.....
**,...............## ##......
**,,.....^....@.....## #......
*,,,.......^.........# ##.....
*,,,...........†.....# #.....
*,,,.........○○☼.....# ##.....
*,,,......^..*.○.....# #......
*,,,.(...^...........# ##......
*,,,.).....p.........###.......
**,,........^^......###...#####
**,...............##....##


You could see an orb of fire and a Killer Klown.

Vanquished Creatures
  the Royal Jelly (Slime:5)
  2 dread liches (Crypt:2)
  An ancient lich (Crypt:1)
  An orb of fire (Zot:2)
  Mara (Snake:3)
  Khufu (Crypt:3)
  Mennas (Crypt:2)
  Boris (Depths:3)
  A caustic shrike (Depths:3)
  3 curse toes
  4 golden dragons
  6 tentacled monstrosities
  5 Orb Guardians (Zot:5)
  3 liches
  6 quicksilver dragons
  A titan (Depths:2)
  9 acid blobs
  A walking divine tome (Depths:2)
  6 ancient champions
  A sphinx (Vaults:3)
  6 death cobs
  9 storm dragons
  A revenant (Crypt:2)
  6 tengu reavers
  6 shadow dragons
  8 draconian monks
  7 rockslimes
  5 nagarajas
  Roxanne (Snake:2)
  8 azure jellies
  2 fire giants
  6 frost giants
  7 draconian knights
  5 deep elf sorcerers
  2 iron dragons
  A ghost moth (Zot:1)
  5 ghouls
  8 vault wardens
  4 orc warlords
  4 draconian scorchers
  4 draconian stormcallers
  Aizul (Snake:2)
  5 draconian shifters
  5 quicksilver oozes
  5 ironbound preservers
  7 curse skulls
  6 draconian annihilators
  19 very ugly things
  2 deep elf elementalists (Elf:3)
  5 stone giants
  2 war gargoyles (Vaults:5)
  9 green draconians
  2 vampire knights (Crypt:2)
  9 black draconians
  3 deep elf demonologists (Elf:3)
  6 yellow draconians
  3 dire elephants
  An entropy weaver (shapeshifter) (Vaults:5)
  4 deep elf annihilators (Elf:3)
  2 bunyips
  24 purple draconians
  12 red draconians
  8 spark wasps
  9 white draconians
  3 eidola
  10 ettins
  4 deep elf death magi
  4 eleionomae
  5 fire dragons
  A crystal guardian (Vaults:1)
  A merfolk javelineer (Depths:2)
  5 great orbs of eyes
  4 ironbound thunderhulks
  2 quicksilver dragon zombies
  4 deep elf high priests
  A caustic shrike simulacrum (Crypt:3)
  28 vault guards
  3 ice dragons
  10 yaktaur captains
  2 jiangshi
  A ghost crab (Swamp:1)
  A catoblepas (Lair:6)
  5 anacondas
  4 spriggan air magi
  13 naga warriors
  14 hydras
  5 rakshasas
  7 ogre magi
  3 ironbound frosthearts
  2 boulder beetles
  13 centaur warriors
  3 deep troll shamans
  15 two-headed ogres
  3 tengu warriors
  2 death knights
  An alligator (Swamp:1)
  11 death yaks
  8 shock serpents
  17 dancing weapons
  5 deep troll earth magi
  5 spriggan berserkers
  3 soul eaters
  7 deep elf knights
  2 titan zombies
  8 naga sharpshooters
  3 hell knights
  2 shadow wraiths
  18 spriggans
  Nergalle (Orc:1)
  3 salamander mystics
  An iron troll (Depths:1)
  18 skeletal warriors
  A sea snake (shapeshifter) (Vaults:5)
  18 deep trolls
  3 spriggan druids
  A swamp dragon (Swamp:4)
  2 glowing orange brains
  12 wizards
  6 harpies
  5 orc knights
  3 goliath frogs
  13 ironbound convokers
  A swamp dragon (shapeshifter) (Vaults:5)
  6 flayed ghosts
  3 lindwurms
  3 naga ritualists
  3 bog bodies
  6 phantasmal warriors
  Pikel (D:3)
  6 deep elf archers
  9 necromancers
  3 mana vipers
  A tengu skeleton (Depths:1)
  4 shining eyes
  8 deep elf zephyrmancers
  23 ugly things
  11 deep elf pyromancers
  2 orc sorcerers
  15 elephants
  A will-o-the-wisp (Swamp:2)
  A manticore (D:15)
  9 cyclopes
  5 salamanders
  A faun (shapeshifter) (Depths:1)
  12 moths of wrath
  Joseph (D:7)
  9 naga magi
  24 black mambas
  Maurice (D:9)
  4 vault sentinels
  An eye of devastation (Slime:5)
  3 guardian serpents
  6 cane toads
  A spriggan skeleton (Crypt:1)
  3 torpor snails
  2 gargoyles
  An eye of devastation (shapeshifter) (Vaults:5)
  6 rime drakes
  11 komodo dragons
  2 kobold demonologists (D:11)
  2 freezing wraiths
  33 yaktaurs
  An efreet (Zot:3)
  3 tengu conjurers
  5 polar bears
  6 trolls
  A bloated husk (Swamp:1)
  13 hornets
  57 slime creatures
  A raiju (shapeshifter) (Vaults:5)
  3 nameless horrors
  6 tyrant leeches
  A tengu simulacrum (Vaults:4)
  10 dream sheep (Lair:6)
  An ettin zombie (Crypt:1)
  20 blink frogs
  A shadow (D:12)
  4 flying skulls
  46 yaks
  4 wraiths
  Sigmund (D:5)
  An air elemental (Elf:3)
  A wyvern (Lair:3)
  8 water elementals
  A dire elephant simulacrum (Crypt:1)
  15 fire elementals
  A swamp worm simulacrum (Swamp:4)
  5 hogs (Swamp:1)
  24 golden eyes
  A hog (shapeshifter) (D:13)
  14 basilisks
  A steam dragon (D:9)
  12 swamp worms
  A harpy simulacrum (Crypt:3)
  2 wargs (Orc:1)
  27 nagas
  3 hydra simulacra (Swamp:4)
  16 water moccasins
  An orb spider zombie (Crypt:2)
  A floating eye (Depths:4)
  A two-headed ogre skeleton (Crypt:2)
  28 orc warriors
  A swamp drake (Swamp:2)
  A hornet zombie (D:8)
  3 necrophages
  2 sky beasts
  A black bear (D:7)
  4 ice beasts
  A blink frog zombie (Crypt:2)
  28 ogres
  A tengu (shapeshifter) (Depths:1)
  14 centaurs
  35 wolves (Lair:6)
  2 lemures (D:3)
  2 kobold brigands
  16 bullfrogs
  A gnoll sergeant (D:9)
  A scorpion (D:4)
  A draconian skeleton (Crypt:2)
  An earth elemental (Elf:1)
  An elf skeleton (Crypt:1)
  2 water moccasin skeletons
  A troll zombie (Crypt:2)
  4 killer bees (D:10)
  2 electric eels
  7 howler monkeys
  7 centaur zombies
  2 centaur skeletons
  A hound (D:6)
  17 orc priests
  A jelly (Lair:4)
  3 bullfrog skeletons
  A gnoll shaman (D:8)
  A basilisk skeleton (Crypt:1)
  Natasha (thrice) (D:4 D:3)
  29 orc wizards
  5 killer bee zombies
  An ogre skeleton (Crypt:3)
  A hound zombie (D:5)
  A hound skeleton (D:5)
  3 howler monkey zombies
  4 mummies
  Robin (D:4)
  8 gnolls
  6 adders
  A shadow imp (D:8)
  2 swamp drake simulacra (Swamp:4)
  An iguana skeleton (Crypt:3)
  2 dart slugs
  89 orcs
  7 bats
  A bat skeleton (Crypt:2)
  4 endoplasms
  3 giant cockroaches
  A gnoll zombie (Ossuary)
  16 goblins
  9 hobgoblins
  2 jackals (D:4)
  2 quokkas
  A river rat zombie (Crypt:3)
  8 ball pythons
  2 frilled lizards (D:3)
  A goblin zombie (Ossuary)
  A hobgoblin zombie (Ossuary)
  26 kobolds
  2 kobold zombies (Ossuary)
  2 orc zombies (Ossuary)
  7 rats
1673 creatures vanquished.

Vanquished Creatures (collateral kills)
  An orb of fire (Zot:5)
  An ancient lich (Vaults:5)
  A juggernaut (Depths:2)
  Bai Suzhen (Depths:1)
  Saint Roka (Crypt:3)
  Nikola (Snake:1)
  7 golden dragons
  Jory (Crypt:2)
  A bone dragon (Crypt:3)
  A shard shrike zombie (Crypt:1)
  11 tentacled monstrosities
  Jorgrun (D:14)
  A lich (Depths:2)
  3 titans
  2 walking crystal tomes
  5 Orb Guardians (Zot:5)
  Asterion (Snake:1)
  6 quicksilver dragons
  A deep elf master archer (Elf:3)
  11 acid blobs
  3 ancient champions
  5 sphinxes
  6 death cobs
  2 tengu reavers
  Kirke (Swamp:1)
  9 shadow dragons
  A thorn hunter (Swamp:4)
  3 azure jellies
  11 storm dragons
  15 nagarajas (Snake:4)
  5 revenants (Crypt:2)
  3 draconian knights
  A draconian monk (Zot:1)
  6 fire giants
  4 deep elf sorcerers
  7 rockslimes
  2 iron dragons
  6 frost giants
  A draconian scorcher (Zot:1)
  A ghost moth (Zot:4)
  6 vault wardens
  4 deep elf elementalists (Elf:3)
  2 draconian stormcallers
  5 ironbound preservers
  2 draconian annihilators (Zot:2)
  A draconian shifter (Zot:1)
  A caustic shrike zombie (Crypt:3)
  5 ghouls
  A reaper (Crypt:2)
  A quicksilver ooze (Slime:1)
  22 very ugly things
  A war gargoyle (Vaults:5)
  10 stone giants
  2 spriggan defenders
  2 caustic shrike skeletons (Crypt:2)
  2 deep elf demonologists
  10 purple draconians
  5 dire elephants
  3 green draconians
  2 vampire knights (Depths:3)
  7 white draconians
  An entropy weaver (Vaults:1)
  3 deep elf annihilators
  6 black draconians
  8 yellow draconians
  3 spark wasps
  4 red draconians
  3 bunyips
  5 eidola
  11 ettins
  5 deep elf death magi
  A merfolk javelineer (Depths:2)
  A merfolk impaler (Depths:2)
  An eleionoma (Swamp:3)
  4 deep elf high priests
  5 fire dragons
  6 great orbs of eyes
  3 yaktaur captains
  6 ironbound thunderhulks
  6 naga warriors
  6 vault guards
  A salamander tyrant (Snake:4)
  Erolcha (D:9)
  2 hydras
  6 ice dragons
  A boulder beetle (shapeshifter) (Vaults:5)
  5 spriggan air magi (Depths:2)
  A peacekeeper (Vaults:1)
  A ghost crab (Swamp:3)
  8 centaur warriors
  2 anacondas
  5 ironbound frosthearts
  4 two-headed ogres
  4 deep troll earth magi
  A deep troll shaman (Depths:2)
  An alligator (Swamp:3)
  15 dancing weapons
  A vampire mage (Crypt:2)
  3 tengu warriors
  Urug (Orc:1)
  2 shock serpents
  4 spriggans
  10 naga sharpshooters
  4 deep elf knights
  13 hell knights
  9 skeletal warriors
  2 salamander mystics (Snake:4)
  3 iron trolls
  21 deep trolls
  A storm dragon skeleton (Crypt:3)
  A swamp dragon (Swamp:2)
  2 spriggan druids
  A bunyip zombie (Crypt:2)
  2 lindwurms (Vaults:1)
  2 sea snakes (Snake:1)
  2 deep elf archers
  4 flayed ghosts
  4 naga ritualists
  3 glowing orange brains
  4 phantasmal warriors
  2 necromancers
  15 deep elf pyromancers
  2 wizards
  3 orc knights
  6 ironbound convokers
  2 bog bodies (Swamp:1)
  6 deep elf zephyrmancers
  A fire giant zombie (Depths:1)
  4 mana vipers
  A harpy (Vaults:5)
  A stone giant zombie (Crypt:2)
  A frost giant zombie (Depths:1)
  A will-o-the-wisp (Swamp:2)
  An orc sorcerer (Orc:1)
  17 ugly things
  3 cyclopes (D:15)
  13 salamanders
  8 moths of wrath
  A spriggan zombie (Crypt:2)
  2 iron dragon skeletons (Crypt:1)
  7 naga magi
  2 dire elephant zombies
  11 vault sentinels
  A water nymph (shapeshifter) (Depths:4)
  8 black mambas
  2 guardian serpents
  An eye of devastation (Slime:4)
  A spriggan skeleton (Crypt:3)
  4 yaktaurs
  4 freezing wraiths (Swamp:4)
  2 tengu conjurers (D:15)
  5 trolls
  3 hornets
  3 tyrant leeches
  A satyr zombie (Crypt:3)
  25 slime creatures
  An ettin zombie (Crypt:2)
  A hydra skeleton (Crypt:1)
  3 air elementals (Elf:1)
  A water elemental (Depths:2)
  3 wraiths
  2 hogs (Swamp:1)
  A tarantella (shapeshifter) (Depths:4)
  9 fire elementals
  4 golden eyes
  2 vampire mosquitoes (Swamp:1)
  A wind drake skeleton (Crypt:1)
  4 swamp worm simulacra (Swamp:4)
  A swamp worm (Swamp:2)
  A demonspawn zombie (Crypt:3)
  A deep troll zombie (Crypt:2)
  19 nagas
  10 hydra simulacra (Swamp:4)
  A water nymph zombie (Crypt:3)
  A manticore zombie (Crypt:1)
  8 orc warriors
  A blink frog zombie (Crypt:3)
  6 ogres
  2 necrophages
  An elephant zombie (Crypt:2)
  5 centaurs (D:15)
  A komodo dragon zombie (Crypt:3)
  2 earth elementals (Elf:1)
  A komodo dragon skeleton (Crypt:3)
  A troll zombie (Crypt:2)
  4 orc priests
  An orc wizard (Crypt:3)
  2 mummies (Crypt:3)
  A swamp drake simulacrum (Swamp:4)
  A lava snake zombie (Crypt:1)
  A barachi zombie (Crypt:3)
  11 orcs
  5 fire vortices
  6 foxfires
785 creatures vanquished.

Vanquished Creatures (others)
  A curse toe (Zot:5)
  A lich (Depths:3)
  A draconian stormcaller (Zot:2)
  A bunyip (Swamp:4)
  A hell knight (Depths:1)
  2 wizards
  A bloated husk (Swamp:4)
  A tyrant leech (Swamp:1)
  A spriggan (Depths:1)
  A swamp worm (Swamp:4)
  A hydra simulacrum (Swamp:4)
  3 bushes
  48 fire vortices
  834 foxfires
  51 fungi
  118 plants
  2 withered plants (Crypt:3)
1068 creatures vanquished.

Grand Total: 3526 creatures vanquished

Notes
Turn   | Place    | Note
-------+----------+-------------------------------------------
     0 | D:1      | octoduck the Draconian Fire Elementalist began the quest
                  | for the Orb.
     0 | D:1      | Reached XP level 1. HP: 14/14 MP: 3/3
   149 | D:1      | Reached XP level 2. HP: 20/20 MP: 0/5
   570 | D:1      | Learned a level 2 spell: Scorch
   673 | D:1      | Found a faded altar of an unknown god.
   910 | D:2      | Reached XP level 3. HP: 26/26 MP: 4/6
  1450 | D:2      | Found a sparkling altar of Nemelex Xobeh.
  1789 | D:3      | Reached skill level 4 in Fire Magic
  2060 | D:3      | Reached XP level 4. HP: 33/33 MP: 4/7
  2137 | D:3      | Found a runed translucent door.
  2138 | D:3      | Noticed Crazy Yiuf
  2683 | D:4      | Reached XP level 5. HP: 34/38 MP: 1/8
  2822 | D:4      | Noticed a lemure
  2929 | D:4      | Noticed Pikel
  2929 | D:4      | Noticed a lemure
  2929 | D:4      | Noticed a lemure
  2964 | D:3      | Killed a lemure
  3090 | D:4      | Noticed an ogre
  3110 | D:4      | Killed an ogre
  3111 | D:4      | Reached skill level 5 in Fire Magic
  3320 | D:4      | Noticed Natasha
  3328 | D:4      | Killed Natasha
  3329 | D:4      | Reached XP level 6. HP: 36/45 MP: 2/9
  3330 | D:4      | Noticed Natasha
  3622 | D:3      | Killed Natasha
  3797 | D:3      | Noticed Natasha
  3805 | D:3      | Killed Natasha
  3941 | D:4      | Noticed Robin
  3950 | D:4      | Killed Robin
  4522 | D:4      | Found a staircase to the Ecumenical Temple.
  4531 | Temple   | Entered the Ecumenical Temple
  4581 | Temple   | Became a worshipper of Vehumet
  4880 | D:4      | Reached skill level 5 in Conjurations
  4952 | D:3      | Killed Pikel
  4953 | D:3      | Reached skill level 6 in Fire Magic
  4953 | D:3      | Your scales start taking on a dull iron-grey colour.
  4953 | D:3      | Reached XP level 7. HP: 28/50 MP: 2/10
  5174 | D:5      | Entered Level 5 of the Dungeon
  5195 | D:5      | Reached skill level 7 in Fire Magic
  5235 | D:5      | Found a bloodstained altar of Trog.
  5314 | D:5      | Noticed Sigmund
  5314 | D:5      | You fall into a shaft and drop 2 floors!
  5519 | D:7      | Noticed Joseph
  5556 | D:7      | Killed Joseph
  5557 | D:7      | Reached XP level 8. HP: 20/57 MP: 1/11
  5903 | D:7      | Reached skill level 8 in Fire Magic
  6217 | D:6      | Reached XP level 9. HP: 54/62 MP: 10/12
  6259 | D:6      | Found a sand-covered staircase.
  6268 | D:6      | Reached skill level 9 in Fire Magic
  6292 | Ossuary  | Entered an ossuary
  6626 | Ossuary  | Reached * piety under Vehumet
  6626 | Ossuary  | Offered knowledge of Magic Dart by Vehumet.
  6692 | Ossuary  | Identified a scroll of acquirement
  6692 | Ossuary  | Acquired 1116 gold pieces
  6772 | D:5      | Learned a level 4 spell: Flame Wave
  6796 | D:5      | Learned a level 3 spell: Conjure Flame
  6892 | D:5      | Killed Sigmund
  7293 | D:6      | Found Yrits's Antique Armour Shoppe.
  7312 | D:6      | Bought a glowing scarf for 224 gold pieces
  7326 | D:6      | Bought an embroidered hat for 196 gold pieces
  8098 | D:7      | Identified the +0 robe of Distant Worlds {Contam Will+
                  | Int+2}
  8391 | D:7      | Upgraded the game from 0.28-a0-845-gfc338a8e3c to
                  | 0.28-a0-850-g09de17f5b5
  8445 | D:8      | Reached skill level 1 in Fighting
  8633 | D:8      | Found a hide-covered altar of Uskayaw.
  8785 | D:8      | Found Tegohit's Distillery.
  8788 | D:8      | Bought a potion of haste for 100 gold pieces
  8788 | D:8      | Bought a potion of experience for 500 gold pieces
  8788 | D:8      | Bought a potion of invisibility for 80 gold pieces
  8788 | D:8      | Bought 2 potions of lignification for 60 gold pieces
  8788 | D:8      | Reached skill level 11 in Fire Magic
  8788 | D:8      | Reached XP level 10. HP: 80/80 MP: 13/13
  9050 | D:8      | Reached skill level 5 in Fighting
  9062 | D:8      | Found a basalt altar of Yredelemnul.
  9103 | D:8      | Offered knowledge of Sandblast by Vehumet.
  9162 | D:8      | Noticed a two-headed ogre
  9182 | D:8      | Killed a two-headed ogre
  9182 | D:8      | Reached ** piety under Vehumet
  9660 | D:9      | Found a stormy altar of Qazlal.
  9885 | D:9      | Found a staircase to the Lair.
  9885 | D:9      | Noticed an elephant
  9885 | D:9      | Noticed a death yak
 10370 | D:9      | Noticed Erolcha
 10583 | D:9      | Reached XP level 11. HP: 66/90 MP: 3/14
 10787 | D:9      | Noticed a two-headed ogre
 10802 | D:9      | Killed a two-headed ogre
 10909 | D:10     | Entered Level 10 of the Dungeon
 10925 | D:10     | Noticed a two-headed ogre
 10943 | D:10     | Killed a two-headed ogre
 11116 | D:10     | Acquired a +1 buckler of positive energy
 11650 | D:10     | Offered knowledge of Static Discharge by Vehumet.
 11653 | D:10     | Reached skill level 5 in Stealth
 11745 | D:10     | Reached skill level 1 in Shields
 12124 | D:11     | Reached *** piety under Vehumet
 12195 | D:11     | Noticed a seven-headed hydra
 12317 | D:11     | Noticed a tengu warrior
 12512 | D:11     | Killed a seven-headed hydra
 12734 | D:11     | Identified the +7 shortbow "Giant's Toothpick" {freeze,
                  | Contam rElec rPois}
 12968 | D:11     | Found a staircase to the Orcish Mines.
 12976 | D:11     | Offered knowledge of Sticky Flame by Vehumet.
 12986 | D:11     | Learned a level 4 spell: Sticky Flame
 13014 | D:11     | Noticed a sixfirhy
 13015 | D:11     | Gained mutation: You are clumsy. (Dex -2) [a neqoxec]
 14216 | Lair:1   | Entered Level 1 of the Lair of Beasts
 14777 | D:9      | Noticed Maurice
 14787 | D:9      | Killed Maurice
 15199 | D:12     | Noticed a boulder beetle
 15230 | D:11     | Killed a tengu warrior
 15230 | D:11     | Reached **** piety under Vehumet
 15467 | D:11     | Learned a level 2 spell: Blink
 15517 | D:11     | Reached skill level 1 in Translocations
 15654 | D:12     | Reached XP level 12. HP: 97/97 MP: 16/19
 15974 | D:12     | Noticed a two-headed ogre
 16025 | D:12     | Offered knowledge of Dazzling Flash by Vehumet.
 16801 | D:11     | Killed a boulder beetle
 16802 | D:11     | Reached skill level 5 in Translocations
 16940 | D:11     | Killed a two-headed ogre
 18127 | Lair:1   | Reached skill level 12 in Fire Magic
 19517 | Lair:2   | Found a staircase to the Swamp.
 20438 | Lair:3   | Noticed a five-headed hydra
 20455 | Lair:3   | Killed a five-headed hydra
 20456 | Lair:3   | Reached XP level 13. HP: 107/107 MP: 11/20
 21397 | Lair:3   | Found a staircase to the Snake Pit.
 21828 | Lair:4   | Identified the +12 scimitar "Eshrog" {pain, *Noise rPois
                  | rF- rN+++}
 22927 | Lair:4   | Identified the ring "Castojeu" {Fly Will+ Str+6 Int+4}
 23733 | Lair:5   | Noticed Rupert
 23767 | Lair:4   | Reached skill level 13 in Fire Magic
 24003 | Lair:5   | Reached ***** piety under Vehumet
 24017 | Lair:4   | Offered knowledge of Spellforged Servitor by Vehumet.
 24229 | Lair:5   | Reached skill level 5 in Spellcasting
 24522 | Lair:5   | Paralysed by Rupert for 2 turns
 24937 | Lair:3   | Learned a level 7 spell: Spellforged Servitor
 24949 | Lair:3   | Reached skill level 1 in Summonings
 25406 | Lair:4   | Reached skill level 10 in Fighting
 25748 | Lair:5   | Found a staircase to the Slime Pits.
 26026 | Lair:5   | Reached XP level 14. HP: 121/121 MP: 18/22
 26358 | Lair:5   | Got the Reference Book on the Traveller
 26911 | Lair:6   | Entered Level 6 of the Lair of Beasts
 27192 | Lair:6   | Reached skill level 5 in Summonings
 27936 | Lair:6   | Offered knowledge of Orb of Destruction by Vehumet.
 29825 | Lair:6   | Identified the ring "Heeheshrarph" {Fly rC+}
 30833 | D:9      | Offered knowledge of Conjure Ball Lightning by Vehumet.
 31019 | D:9      | Killed Erolcha
 31266 | D:13     | Identified the +1 kite shield "Xonu" {rElec Stlth+}
 31572 | D:13     | Found Fuitwaoda's Antique Armour Shop.
 31685 | D:13     | Found a gate to the Vaults.
 32464 | D:13     | Acquired the Papyrus of the Battered Moons
 32473 | D:13     | Learned a level 6 spell: Starburst
 32547 | D:14     | Reached XP level 15. HP: 79/128 MP: 5/27
 33711 | D:14     | Noticed Jorgrun
 34344 | D:14     | Killed Jorgrun
 34555 | D:14     | Learned a level 5 spell: Fireball
 35160 | Orc:1    | Entered Level 1 of the Orcish Mines
 35486 | Orc:1    | Noticed Urug
 35492 | Orc:1    | Killed Urug
 35647 | Orc:1    | Noticed Nergalle
 35655 | Orc:1    | Reached skill level 10 in Summonings
 35657 | Orc:1    | Reached skill level 10 in Spellcasting
 35660 | Orc:1    | Killed Nergalle
 35886 | Orc:1    | Noticed an orc warlord
 36102 | Orc:1    | Offered knowledge of Eringya's Noxious Bog by Vehumet.
 36759 | Orc:1    | Killed an orc warlord
 36759 | Orc:1    | Identified the amulet "Ukiecuh" {Faith Dex+4 SInv}
 37043 | Orc:1    | Noticed an orc warlord
 37044 | Orc:1    | Identified the +10 dagger of Death's Door {vamp, rC+}
 37251 | Orc:1    | Killed an orc warlord
 37592 | Orc:2    | Entered Level 2 of the Orcish Mines
 37592 | Orc:2    | Found a gate leading to a gauntlet.
 37647 | Orc:2    | Offered knowledge of Freezing Cloud by Vehumet.
 37783 | Orc:2    | Reached skill level 5 in Dodging
 38177 | Orc:2    | Reached XP level 16. HP: 121/138 MP: 25/30
 38329 | Orc:2    | Found a staircase to the Elven Halls.
 38766 | Orc:2    | Found Laisteji's Antique Armour Emporium.
 38766 | Orc:2    | Found Ennic's Antique Armour Shop.
 38977 | Orc:2    | Found Ufeutus's Armour Boutique.
 38977 | Orc:2    | Found Byudd's Assorted Antiques.
 39412 | Orc:2    | Bought a pair of distressingly furry boots for 342 gold
                  | pieces
 39412 | Orc:2    | Identified the +0 pair of boots of Celisogh {Fly Stlth+}
                  | (You bought it in a shop on level 2 of the Orcish Mines)
 39416 | Orc:2    | Bought a scroll of enchant armour for 217 gold pieces
 39416 | Orc:2    | Bought a scroll of identify for 58 gold pieces
 39416 | Orc:2    | Bought a scroll of enchant armour for 217 gold pieces
 39417 | Orc:2    | Bought a pair of glowing gloves for 225 gold pieces
 39418 | Orc:2    | Bought a glowing hat for 252 gold pieces
 39418 | Orc:2    | Bought a glowing cloak for 270 gold pieces
 39546 | Swamp:1  | Entered Level 1 of the Swamp
 40164 | Swamp:1  | Reached XP level 17. HP: 142/146 MP: 21/31
 40450 | Swamp:1  | Noticed Kirke
 40454 | Swamp:1  | Killed Kirke
 43939 | Swamp:4  | Entered Level 4 of the Swamp
 44242 | Swamp:4  | Offered knowledge of Yara's Violent Unravelling by Vehumet.
 45427 | Swamp:4  | Got a decaying rune of Zot
 46228 | D:15     | Entered Level 15 of the Dungeon
 46336 | D:15     | Found a sparkling altar of Nemelex Xobeh.
 46667 | D:15     | Found a staircase to the Depths.
 47218 | Depths:1 | Entered Level 1 of the Depths
 47788 | D:15     | Reached skill level 10 in Dodging
 47863 | D:13     | You are sucked into a shaft and drop 2 floors!
 48936 | Depths:1 | Upgraded the game from 0.28-a0-850-g09de17f5b5 to
                  | 0.28-a0-851-g8b9cc49659
 49629 | Snake:1  | Entered Level 1 of the Snake Pit
 50083 | Lair:2   | Learned a level 6 spell: Summon Cactus Giant
 50311 | Lair:3   | Learned a level 6 spell: Iron Shot
 50420 | Snake:1  | Reached skill level 1 in Earth Magic
 50838 | Snake:1  | Reached XP level 18. HP: 119/160 MP: 17/32
 51221 | Snake:1  | Offered knowledge of Ozocubu's Refrigeration by Vehumet.
 51545 | Snake:1  | Identified the +8 arbalest "Quhihetz" {freeze, Str+2 Dex+3}
 51844 | Snake:1  | Reached skill level 5 in Earth Magic
 52112 | Snake:1  | Found Varaciu's Book Boutique.
 52114 | Snake:1  | Found Pucoghop's Magic Scroll Shop.
 52116 | Snake:1  | Found Loefag's Weapon Boutique.
 52122 | Snake:1  | Bought a scroll of fog for 28 gold pieces
 52122 | Snake:1  | Bought a scroll of fog for 28 gold pieces
 52122 | Snake:1  | Bought a scroll of teleportation for 42 gold pieces
 52389 | Snake:1  | Noticed Nikola
 53174 | Snake:1  | Killed Nikola
 53270 | Snake:1  | Noticed Asterion
 53387 | Snake:1  | Killed Asterion
 54407 | Snake:2  | Identified Roxanne's Volume of the Road Less Travelled
 54407 | Snake:2  | Noticed Roxanne
 55699 | Snake:2  | Killed Roxanne
 55906 | Snake:3  | Noticed Aizul
 56139 | Snake:2  | Killed Aizul
 56301 | Snake:3  | Reached skill level 15 in Fighting
 56401 | Snake:3  | Reached skill level 15 in Conjurations
 57531 | Snake:3  | Noticed Mara
 57550 | Snake:3  | Noticed octoduck's illusion
 57798 | Snake:3  | Killed Mara
 58102 | Snake:3  | Learned a level 5 spell: Borgnjor's Vile Clutch
 58108 | Snake:4  | Entered Level 4 of the Snake Pit
 58116 | Snake:4  | Reached skill level 1 in Necromancy
 58718 | Snake:4  | Found Siwnoj's Overcharged Wands.
 59269 | Snake:4  | Reached XP level 19. HP: 172/172 MP: 18/35
 59836 | Snake:4  | Reached skill level 5 in Necromancy
 60045 | Snake:4  | Reached ****** piety under Vehumet
 61137 | Snake:4  | Got a serpentine rune of Zot
 62072 | Elf:1    | Entered Level 1 of the Elven Halls
 62092 | Elf:1    | Found a radiant altar of Vehumet.
 62098 | Elf:1    | Found a runed translucent gate.
 62098 | Elf:1    | Found a runed translucent gate.
 62098 | Elf:1    | Found a runed translucent gate.
 62683 | Elf:1    | Paralysed by an air elemental for 1 turns
 63176 | Elf:1    | Paralysed by an air elemental for 1 turns
 63362 | Elf:1    | Offered knowledge of Lehudib's Crystal Spear by Vehumet.
 63362 | Elf:1    | Offered knowledge of Fire Storm by Vehumet.
 63362 | Elf:1    | Offered knowledge of Shatter by Vehumet.
 63376 | Elf:1    | Identified the +8 falchion of Discord {drain, rPois rC-
                  | Int+2}
 63517 | Elf:1    | Paralysed by an air elemental for 1 turns
 64050 | Elf:2    | Reached skill level 10 in Necromancy
 64564 | Elf:2    | Found a shimmering blue altar of Sif Muna.
 65177 | Elf:2    | Found a runed translucent gate.
 65178 | Elf:2    | Found a runed translucent gate.
 65178 | Elf:2    | Found a runed translucent gate.
 65581 | Elf:2    | Reached skill level 14 in Fire Magic
 65802 | Elf:3    | Entered Level 3 of the Elven Halls
 65812 | Elf:3    | Found Oxueh's Distillery.
 65886 | Elf:3    | Bought a potion of heal wounds for 75 gold pieces
 65886 | Elf:3    | Bought a potion of invisibility for 120 gold pieces
 66786 | Elf:3    | Reached XP level 20. HP: 153/182 MP: 6/36
 67196 | Elf:3    | Identified the +4 rapier "Ridd" {flame, +Blink rF+ Str+8
                  | Dex-4}
 67511 | Elf:3    | Identified the ring "Fimy" {Fire rPois Will+}
 67527 | Elf:3    | Identified the +10 mace of Sequestration {flame, Will++}
 67530 | Elf:3    | Identified the ring "Biefojuff" {rF+ Slay+5 SInv}
 67690 | Elf:3    | Reached skill level 15 in Fire Magic
 68109 | Elf:3    | Identified the +2 chain mail "Zoniom" {+Inv rN+ Str+2
                  | Dex+2}
 68130 | Elf:3    | Identified the +1 pair of gloves "Ruurits" {Str+2}
 68172 | Elf:3    | Got Adwor's Incunabulum of Stolen Souls
 68228 | Elf:3    | Identified the +1 helmet of Supple Strength {*Slow rElec
                  | Regen+}
 68635 | Elf:3    | Found Wudwoec's Book Shoppe.
 68636 | Elf:3    | Found Tibavoq's Jewellery Shop.
 68638 | Elf:3    | Found Fiump's Book Shoppe.
 68644 | Elf:3    | Paralysed by an air elemental for 1 turns
 68711 | Elf:3    | Bought a book of Blood for 336 gold pieces
 68711 | Elf:3    | Bought a book of Party Tricks for 192 gold pieces
 68721 | Elf:3    | Learned a level 6 spell: Death Channel
 69568 | Vaults:1 | Entered Level 1 of the Vaults
 69979 | Vaults:1 | Learned a level 2 spell: Sublimation of Blood
 70127 | Vaults:1 | Reached skill level 16 in Fire Magic
 71736 | Vaults:1 | Learned a level 8 spell: Ignition
 72385 | Vaults:2 | Reached skill level 17 in Fire Magic
 72753 | Vaults:2 | Reached XP level 21. HP: 133/189 MP: 22/37
 73920 | Vaults:2 | Found a transporter.
 73963 | Vaults:2 | Found a transporter.
 74115 | Vaults:2 | Reached skill level 18 in Fire Magic
 74881 | Vaults:3 | Found Xyoshuecw's Jewellery Boutique.
 74953 | Vaults:3 | Got the Collected Works on Dark Beguiling
 75813 | Vaults:3 | Found a staircase to the Crypt.
 76802 | Vaults:4 | Reached skill level 19 in Fire Magic
 78333 | Vaults:4 | Identified the ring of Law {Ice Stlth+}
 78411 | Vaults:5 | Entered Level 5 of the Vaults
 80011 | Depths:1 | Reached skill level 20 in Fire Magic
 80011 | Depths:1 | Reached XP level 22. HP: 185/196 MP: 38/38
 80797 | Depths:1 | Found a one-way gate leading to the halls of Pandemonium.
 81189 | Depths:1 | Noticed Bai Suzhen
 81920 | Depths:1 | Killed Bai Suzhen
 82394 | Depths:1 | Found a gateway to Hell.
 82665 | Depths:2 | Reached skill level 21 in Fire Magic
 82700 | Depths:2 | Identified the +10 mace of Plunder {antimagic, Str+2 Int+3
                  | SInv}
 83281 | Depths:2 | Found a one-way gate to the infinite horrors of the Abyss.
 83837 | Depths:2 | Identified the +1 robe "Syholl" {Int+7 Stlth-}
 83859 | Depths:2 | Noticed a juggernaut
 83868 | Depths:2 | Killed a juggernaut
 84243 | Depths:2 | Got Amehor's Incunabulum of the Freezing Mountains
 84369 | Depths:3 | Found a gateway to a ziggurat.
 84408 | Depths:3 | Noticed a golden dragon
 84419 | Depths:3 | Killed a golden dragon
 84660 | Depths:3 | Noticed Boris
 84677 | Depths:3 | Killed Boris
 85995 | Depths:3 | Reached XP level 23. HP: 197/204 MP: 24/41
 86034 | Depths:3 | Reached skill level 15 in Spellcasting
 86034 | Depths:3 | Noticed a caustic shrike
 86041 | Depths:3 | Killed a caustic shrike
 86554 | Depths:3 | Identified the +3 rapier of Wondrous Power {freeze, Will+
                  | Int+5}
 86961 | Depths:3 | Found a sacrificial altar of Ru.
 87596 | Depths:4 | Entered Level 4 of the Depths
 88373 | Depths:4 | Acquired the +0 staff of Battle
 88373 | Depths:4 | Found the +0 staff of Battle
 89600 | Depths:4 | Found an ornate altar of the Wu Jian Council.
 90077 | Depths:4 | Found a gate to the Realm of Zot.
 90496 | Slime:1  | Entered Level 1 of the Pits of Slime
 90594 | Snake:1  | Bought the +9 short sword "Hoawic" {pain, rCorr Dex+2} for
                  | 1108 gold pieces
 92076 | Slime:2  | You are sucked into a shaft and drop 2 floors!
 93171 | Slime:5  | Entered Level 5 of the Pits of Slime
 94277 | Crypt:1  | Entered Level 1 of the Crypt
 94663 | Vaults:4 | Learned a level 9 spell: Fire Storm
 94749 | Vaults:5 | Reached XP level 24. HP: 218/222 MP: 44/44
 94804 | Vaults:5 | Learned a level 7 spell: Haunt
 94831 | Vaults:5 | Reached skill level 22 in Fire Magic
 95281 | Vaults:5 | Acquired the ring of Pilesm {rC+ rCorr Int+3 Dex+4}
 96399 | Vaults:5 | Noticed an ancient lich
 96406 | Vaults:5 | Killed an ancient lich
 97146 | Vaults:5 | Got a silver rune of Zot
 97481 | Vaults:5 | Found Jaanlumm's Assorted Antiques.
 97486 | Vaults:5 | Bought a scroll of teleportation for 129 gold pieces
 97486 | Vaults:5 | Bought a scroll of teleportation for 129 gold pieces
 97486 | Vaults:5 | Bought an encrusted mace for 344 gold pieces
 97486 | Vaults:5 | Identified the +10 mace of Extermination {pain, Drain rC+
                  | Int+4 Dex+4} (You bought it in a shop on level 5 of the
                  | Vaults)
 97503 | Vaults:5 | Identified the +8 quarterstaff of Success {vorpal, rElec
                  | Str+2 Stlth+}
 97731 | Vaults:5 | Got the Almanac of Floating Shape Shifting
 97961 | Vaults:5 | Identified the ring "Ivithred" {*Slow rC+++ EV+4 Dex+2
                  | SInv}
 98175 | Vaults:5 | Got the Guide on Dusty Toxins
 98532 | Vaults:5 | Found the +10 zealot's sword {holy, *Rage rN+ EV+3}
 98535 | Vaults:5 | Identified the +9 dire flail of the Shouting Augurer
                  | {venom, Str+4 Dex+3}
 98536 | Vaults:5 | Identified the amulet "Opunyug" {rC+ Regen+}
 98673 | Vaults:5 | Identified the +1 cloak of the Albatross {Str+7}
 98711 | Vaults:5 | Identified the +6 hand crossbow of Sloth {vorpal, rF+ Int+4
                  | Stlth+}
 98796 | Vaults:4 | Upgraded the game from 0.28-a0-851-g8b9cc49659 to
                  | 0.28-a0-861-ge64d6db94f
 99655 | Vaults:3 | Bought a ring of positive energy for 280 gold pieces
100543 | Crypt:1  | Identified the +1 pair of gloves "Rumil" {-Cast Int-2
                  | Dex+6}
100887 | Crypt:2  | Reached XP level 25. HP: 231/231 MP: 31/45
100919 | Crypt:2  | Reached XP level 26. HP: 209/238 MP: 34/45
101024 | Crypt:2  | Noticed Jory
101032 | Crypt:2  | Noticed an ancient lich
101035 | Crypt:2  | Killed Jory
101176 | Crypt:1  | Killed an ancient lich
102190 | Crypt:2  | Found a runed translucent door.
102192 | Crypt:2  | Noticed Jetyrhek's ghost (veteran GrEE)
102418 | Crypt:2  | Noticed Mennas
102451 | Crypt:2  | Killed Mennas
102745 | Crypt:3  | Entered Level 3 of the Crypt
103048 | Crypt:3  | Noticed Khufu
103060 | Crypt:3  | Killed Khufu
103198 | Crypt:3  | Learned a level 7 spell: Orb of Destruction
103408 | Crypt:3  | Noticed a dread lich
103409 | Crypt:3  | Noticed a dread lich
103650 | Crypt:3  | Noticed Saint Roka
103694 | Crypt:3  | Killed Saint Roka
104055 | Crypt:3  | Found a staircase to the Tomb.
104626 | Crypt:3  | Identified the amulet of the Townfolk {Fragile Will+++
                  | Regen+ rCorr SInv}
104627 | Crypt:3  | Identified the ring of Ubenef {rElec rN+ Dex+5}
104627 | Crypt:3  | Identified the ring of Gaylim {rN+ Will+ Int+3 Dex-5}
104627 | Crypt:3  | Identified the ring "Teommin" {+Blink rN+}
104741 | Crypt:2  | Killed a dread lich
104826 | Crypt:2  | Killed a dread lich
104947 | Crypt:3  | Identified the +10 mace of the Throat {speed, rElec}
104952 | Crypt:3  | Identified the +8 halberd of Cataclysm {drain, rElec}
105327 | Zot:1    | Entered Level 1 of the Realm of Zot
106159 | Zot:2    | Identified the ring "Valas" {rF+ Int+2}
106502 | Zot:2    | Acquired 1041 gold pieces
107132 | Zot:1    | Reached skill level 15 in Dodging
107132 | Zot:1    | Reached XP level 27. HP: 246/246 MP: 30/47
109051 | Zot:2    | Upgraded the game from 0.28-a0-861-ge64d6db94f to
                  | 0.28-a0-863-g8cecda6153
109142 | Zot:2    | Reached skill level 15 in Summonings
109156 | Zot:2    | Noticed an orb of fire
110011 | Slime:5  | Noticed the Royal Jelly
111037 | Slime:5  | Killed the Royal Jelly
112013 | Slime:5  | Got a slimy rune of Zot
112047 | Slime:5  | Got the Guide on the Oath
112957 | Zot:2    | Acquired 1015 gold pieces
113175 | Zot:2    | Gained mutation: You expend magic power (3 MP) to
                  | strengthen your wands. [an orb of fire]
113186 | Zot:2    | Killed an orb of fire
113363 | Zot:2    | Reached skill level 15 in Necromancy
115531 | Zot:4    | Noticed Ucsei's ghost (veteran MiFi)
115532 | Zot:4    | Noticed Dawneret's ghost (master GnFi)
115532 | Zot:4    | Noticed an orb of fire
115541 | Zot:4    | Found a transporter.
115937 | Zot:4    | Found a transporter.
116042 | Zot:5    | Entered Level 5 of the Realm of Zot
116503 | Zot:5    | Found Fone's Changing Room.
117010 | Zot:5    | Found a glowing silver altar of Zin.
117351 | Zot:5    | Gained mutation: You sometimes lose the ability to read
                  | scrolls when taking damage. [mutagenic glow]
117363 | Zot:5    | Noticed an orb of fire
117367 | Zot:5    | Killed an orb of fire
117367 | Zot:5    | Gained mutation: You have an increased reservoir of magic.
                  | (+10% MP) [mutagenic glow]
117370 | Zot:5    | Noticed an orb of fire
117374 | Zot:5    | Killed from afar by an orb of fire

Illustrated notes

Levels and vault maps discovered:
D:1:      psy_arrival_basics, layout_rooms,
          shapermc_ecumenical_altar_starsandcircs, minmay_distorted
D:2:      layout_basic, basic_altar
D:3:      layout_loops_ring, hangedman_decor_opposing, uniq_crazy_yiuf_cottage
D:4:      layout_gridville, minmay_temple_entry_nine_rooms, uniq_pikel,
          uniq_natasha, uniq_robin
D:5:      layout_basic, trog_three_pillars_becter, uniq_sigmund
D:6:      layout_rooms, enter_ossuary_3, serial_shops,
          nicolae_shop_temple_entry_statues_fountains, grunt_ministairs_15,
          minivault_14, serial_bayou_pond_e
D:7:      layout_gridville, uniq_joseph
D:8:      layout_basic, nicolae_yredelemnul_corpse_copse, marbit_many_paths,
          nicolae_stop_n_shop_1
D:9:      layout_irregular_city, general_overflow_altar, david_lair_generic,
          uniq_maurice, uniq_erolcha
D:10:     layout_long_grid
D:11:     layout_loops_ring, hiddenorc2_lemuel
D:12:     layout_irregular_city
D:13:     layout_long_grid, david_vaults_1, serial_shops, nicolae_stop_n_shop_2,
          kennysheep_pointless_box
D:14:     minmay_open_boxes_in_corner, layout_basic,
          chequers_serial_rivers_small_a, uniq_jorgrun
D:15:     grunt_enter_depths_snipers, layout_cave_pools,
          nemelex_diamond_rough_becter
Temple:   mainiacjoe_temple_coin_purse
Lair:1:   layout_loops_ring
Lair:2:   layout_chaotic_city, swamp_mist, grunt_megastairs_1
Lair:3:   layout_cave_shapes, guppyfry_snake_entry_garden,
          amcnicky_mini_pool_medium, grunt_megastairs_3
Lair:4:   layout_gridlike, st_stairs_13, chequers_serial_rivers_micro_c,
          hangedman_lair_unloving_vines, grunt_megastairs_2,
          infiniplex_staircase_pool_2
Lair:5:   beast_lair_carwin_large_2, layout_layer_cave,
          minmay_slime_entry_pillars, st_stairs_6, uniq_rupert
Lair:6:   grunt_lair_end_beastmaster, layout_misc_corridors,
          grunt_forest_large_clearings
Swamp:1:  layout_basic_swamp, evilmike_swamp_ruin_rubble_2,
          nicolae_swamp_spriggan_camp, uniq_kirke
Swamp:2:  layout_basic_swamp, evilmike_swamp_ruin_house_3
Swamp:3:  layout_basic_swamp, nicolae_swamp_orc_logging_accident, swamp_pool2
Swamp:4:  swamp_icy, layout_basic_swamp
Snake:1:  nicolae_snake_shooting_gallery, layout_gridlike, minmay_shop_star,
          uniq_nikola, uniq_asterion
Snake:2:  layout_cave_shapes, uniq_roxanne
Snake:3:  cheibrodos_snake_ritualist_ritual, layout_rooms, uniq_aizul, uniq_mara
Snake:4:  grunt_snake_rune_spirals, layout_onion, nicolae_shop_overcharged_wands
Slime:1:  nicolae_slime_jelly_donut, layout_caves
Slime:2:  layout_caves, nicolae_slime_ancient_tower_intersection
Slime:3:  layout_caves
Slime:4:  layout_caves
Slime:5
Orc:1:    layout_caves, nicolae_orc_pool_cavern, abandoned_shop,
          minmay_orc_treasury, uniq_nergalle, uniq_urug
Orc:2:    st_orc_ogre_mass, layout_caves, gauntlet_entry_generic
Elf:1:    layout_gridlike, basic_altar, minivault_28, st_stairs_9,
          nicolae_elf_hall_of_bonks
Elf:2:    nicolae_elf_blades_crystal_corner, layout_loops_corners, basic_altar,
          ebering_dispersal_statue_hall
Elf:3:    minmay_elf_hall_not_hex, layout_geoelf_octagon, serial_shops,
          shop_coins, minmay_shop_grove
Vaults:1: ontoclasm_vaults_eye, vaults_room_guarded_vault, v_misc_17,
          nicolae_vaults_little_ls, vaults_room_stairs_pillars,
          nicolae_vaults_inception_scallops, nicolae_vaults_specimen_jars,
          v_misc_10, hangedman_vaults_restitches, hangedman_vaults_maws,
          vaults_dpeg_cross, vaults_mumra_chevron_long, v_rooms_4,
          layout_vaults_maze
Vaults:2: gammafunk_its_a_trap, hangedman_vaults_restitches,
          nicolae_vaults_yaktaur_gun_rack, v_misc_28, vaults_standard_mumra_x,
          ontoclasm_vaults_loading_screen, vaults_mumra_hex,
          nicolae_vaults_border_crossing, layout_vaults_chaotic_city
Vaults:3: dpeg_vaults_monster_row, v_misc_15, ontoclasm_vaults_tryst, v_misc_24,
          vaults_dpeg_doors, minmay_crypt_entry_simple_walls,
          vaults_dpeg_diagonal, vaults_room_hallway, vaults_room_pools,
          nicolae_vaults_little_squares_1, layout_vaults_omnigrid, serial_shops,
          shop
Vaults:4: grunt_vaults_diagonal, nicolae_vaults_network_s, v_misc_10,
          v_pattern_1, nicolae_vaults_network_barrier, v_misc_19,
          nicolae_vaults_mini_display_case, serial_ice_b,
          nicolae_vaults_back_hallway, vaults_room_corners, v_misc_17,
          ontoclasm_vaults_loading_screen, hangedman_vaults_corner_blocks,
          layout_vaults_omnicross
Vaults:5
Crypt:1:  layout_chaotic_city, roderic_lattice_octagonal_star
Crypt:2:  layout_misc_corridors, special_room [special_room_morgue],
          ebering_ghost_reflecting_pool, uniq_jory, uniq_mennas
Crypt:3:  david_glass_crypt, layout_gridlike, tomb_entry_forgotten_bobbens,
          uniq_khufu, uniq_saint_roka
Depths:1: grunt_deathspiral_small, layout_honeycomb, pan_entry, hell_entry,
          evilmike_butchery, infiniplex_staircase_pool_lava, uniq_bai_suzhen
Depths:2: minmay_nested_s, layout_cave_pools, pan_entry, abyss_entry_glasseish,
          hell_entry, infiniplex_staircase_trident
Depths:3: minmay_expanding_squares, layout_cave_pools, enter_ziggurat_f,
          abyss_entry, nicolae_ru_path_of_blood, hell_entry, grunt_tough_drop,
          uniq_boris
Depths:4: grunt_zot_entry_gee_three, layout_cave_shapes,
          grunt_hell_entry_dis_grunt, nzn_wu_jian_council_hall
Zot:1:    cheibrodos_zot_enchanting_chambers, layout_concentric_octagons
Zot:2:    kennysheep_spiral_hall, layout_onion_interference
Zot:3:    lemuel_firehouse, layout_onion_interference
Zot:4:    layout_onion_interference, nzn_ghost_randoct
Zot:5:    layout_basic, basic_altar, grunt_ministairs_3,
          nicolae_transmutations_shop, st_stairs_1

Skill      XL: |  1  2  3  4  5  6  7  8  9 10 11 12 13 14 15 16 17 18 19 20 21 22 23 24 25 26 27 |
---------------+----------------------------------------------------------------------------------+-----
Conjurations   | 2 3 4 6 7 8 11 12 14 15 16 18 19 | 19.6
Fire Magic     | 4 5 6 7 8 11 12 13 14 17 20 21 22 | 22.4
Fighting       | 4 6 8 10 11 14 15 16 19 | 19.8
Dodging        | 4 7 10 11 15 16 | 16.6
Stealth        | 2 6 |  6.2
Shields        | 4 |  4.3
Spellcasting   | 4 5 8 10 12 14 17 18 20 | 20.6
Translocations | 2 6 |  6.9
Summonings     | 3 8 11 13 17 | 17.8
Earth Magic    | 2 6 7 |  7.7
Necromancy     | 4 11 12 16 | 16.9

Action                   |  1- 3 |  4- 6 |  7- 9 | 10-12 | 13-15 | 16-18 | 19-21 | 22-24 | 25-27 || total
-------------------------+-------+-------+-------+-------+-------+-------+-------+-------+-------++-------
Melee: Dagger            |     8 |       |       |       |       |       |       |       |       ||     8
       Short sword       |    20 |    40 |    78 |   288 |   397 |   120 |       |    34 |       ||   977
       Tailslap          |       |     4 |     8 |    30 |    59 |    22 |    40 |    42 |    18 ||   223
       Demon whip        |       |       |       |       |       |    76 |   232 |    76 |       ||   384
       Rapier            |       |       |       |       |       |       |       |   123 |   125 ||   248
       Staff             |       |       |       |       |       |       |       |     7 |       ||     7
 Cast: Foxfire           |    52 |    52 |    55 |   119 |   134 |    64 |     3 |       |       ||   479
       Scorch            |     6 |    22 |    40 |    93 |   257 |   155 |    52 |    26 |       ||   651
       Flame Wave        |       |       |     5 |    24 |    27 |    17 |     4 |       |       ||    77
       Conjure Flame     |       |       |       |    23 |    19 |     2 |       |       |       ||    44
       Sticky Flame      |       |       |       |    35 |   111 |    62 |    15 |       |       ||   223
       Blink             |       |       |       |     2 |    20 |    14 |     2 |       |    11 ||    49
       Spellforged Servi |       |       |       |       |    13 |    75 |   106 |    90 |   103 ||   387
       Starburst         |       |       |       |       |     3 |       |       |       |       ||     3
       Fireball          |       |       |       |       |    15 |   125 |    63 |    75 |    55 ||   333
       Summon Cactus Gia |       |       |       |       |       |     4 |       |       |       ||     4
       Iron Shot         |       |       |       |       |       |    50 |    65 |    65 |   150 ||   330
       Borgnjor's Vile C |       |       |       |       |       |       |   142 |   161 |   162 ||   465
       Death Channel     |       |       |       |       |       |       |    58 |    64 |    27 ||   149
       Sublimation of Bl |       |       |       |       |       |       |    18 |    21 |    65 ||   104
       Ignition          |       |       |       |       |       |       |    10 |    40 |    40 ||    90
       Haunt             |       |       |       |       |       |       |       |     5 |    15 ||    20
       Fire Storm        |       |       |       |       |       |       |       |     1 |    28 ||    29
       Orb of Destructio |       |       |       |       |       |       |       |       |    71 ||    71
Evoke: Wand              |       |       |       |    10 |     1 |     8 |     1 |     1 |     6 ||    27
       Phantom mirror    |       |       |       |       |       |       |     1 |       |       ||     1
       Lightning rod     |       |       |       |       |       |       |       |       |     3 ||     3
  Use: Scroll            |     7 |       |    16 |     8 |     5 |    13 |     4 |     3 |     8 ||    64
       Potion            |       |       |     2 |     4 |     2 |     5 |       |     9 |     3 ||    25
 Stab: Sleeping          |     1 |     1 |       |     2 |     3 |     2 |     2 |       |     1 ||    12
       Distracted        |       |       |       |     1 |       |     2 |     3 |     6 |     3 ||    15
       Petrified         |       |       |       |       |     2 |       |       |       |       ||     2
Armor: Skin              |    20 |    22 |    76 |   197 |   312 |   253 |   212 |   181 |   186 ||  1459
Dodge: Dodged            |    26 |    45 |    87 |   237 |   400 |   228 |   248 |   196 |   268 ||  1735
Block: Other             |       |       |       |    20 |       |       |       |       |       ||    20
       Reflection        |       |       |       |     9 |    29 |    52 |    49 |    12 |       ||   151
       Buckler           |       |       |       |   167 |   444 |   264 |   241 |   164 |   101 ||  1381

Table legend: (Time is in decaauts)
 A = Elapsed time spent in this place.
 B = Non-inter-level travel time spent in this place.
 C = Inter-level travel time spent in this place.
 D = Time resting spent in this place.
 E = Time spent auto-exploring this place.
 F = Levels seen in this place.
 G = Mean time per level.
                   A        B        C        D        E       F      G
               +--------+--------+--------+--------+--------+-----+--------+
         Total | 117855 | 105921 |  11934 |  49977 |  28847 |  58 | 2032.0 |
       Dungeon |  25170 |  21655 |   3515 |   9166 |   6917 |  15 | 1678.0 |
        Temple |     62 |     51 |     11 |      0 |     35 |   1 |   62.0 |
          Lair |  15705 |  14273 |   1432 |   8208 |   3257 |   6 | 2617.5 |
         Swamp |   6503 |   6142 |    361 |   3705 |   1247 |   4 | 1625.8 |
     Snake Pit |  10919 |  10127 |    792 |   5543 |   2251 |   4 | 2729.8 |
    Slime Pits |   6137 |   5677 |    460 |   3008 |   1372 |   5 | 1227.4 |
  Orcish Mines |   4340 |   4049 |    291 |   2046 |    989 |   2 | 2170.0 |
   Elven Halls |   7266 |   6866 |    400 |   3656 |   1574 |   3 | 2422.0 |
        Vaults |  14081 |  12061 |   2020 |   3584 |   4541 |   5 | 2816.2 |
         Crypt |   5444 |   5058 |    386 |   1890 |   1560 |   3 | 1814.7 |
        Depths |  13315 |  11785 |   1530 |   6063 |   2966 |   4 | 3328.8 |
           Zot |   8489 |   7755 |    734 |   2896 |   2138 |   5 | 1697.8 |
       Ossuary |    418 |    418 |      0 |    212 |      0 |   1 |  418.0 |
               +--------+--------+--------+--------+--------+-----+--------+

Top non-repeatable levels by time:
Depths:1: 4765 daAuts
Depths:2: 4184 daAuts
  Lair:3: 4060 daAuts
 Snake:4: 3770 daAuts
Vaults:4: 3262 daAuts
Vaults:3: 3179 daAuts
   Orc:1: 3164 daAuts
 Snake:1: 3163 daAuts
   Zot:1: 3163 daAuts
  Lair:5: 3138 daAuts
   Elf:3: 3008 daAuts
    D:11: 2882 daAuts
Vaults:1: 2825 daAuts
Vaults:5: 2627 daAuts
    D:13: 2595 daAuts
